 Dungeon Crawl Stone Soup version 0.22-a0-362-g535178c (webtiles) character file.

27 Amnesiac the Magician (level 2, -1/20 HPs)
             Began as a Mummy Wizard on Apr 21, 2018.
             Slain by a quokka (3 damage)
             ... on level 3 of the Dungeon.
             The game lasted 00:01:51 (895 turns).

Amnesiac the Magician (Mummy Wizard)                 Turns: 895, Time: 00:01:52

Health: -1/20      AC:  2    Str: 10    XL:     2   Next: 93%
Magic:  0/7        EV: 12    Int: 17    God:
Gold:   34         SH:  0    Dex: 10    Spells: 6/9 levels left

rFire    . . .     SeeInvis .   e - +0 short sword
rCold    + . .     Gourm    .   (no shield)
rNeg     + + +     Faith    .   a - +0 robe
rPois    ∞         Spirit   .   b - +0 hat
rElec    .         Reflect  .   (no cloak)
rCorr    .         Harm     .   (no gloves)
MR       .....                  (no boots)
Stlth    ++........             (no amulet)
HPRegen  0.06/turn              d - ring of protection from fire
MPRegen  0.10/turn              (no ring)

@: very slightly contaminated
A: no food or potions, fire vulnerability, cold resistance 1, negative energy
resistance 3, torment resistance, unbreathing
a: no special abilities


You were on level 3 of the Dungeon.
You were not hungry.

You visited 1 branch of the dungeon, and saw 3 of its levels.

You collected 34 gold pieces.

Inventory:

Hand Weapons
 e - a +0 short sword (weapon)
Missiles
 k - 2 javelins (quivered)
Armour
 a - a +0 robe (worn)
 b - a +0 hat (worn)
Jewellery
 d - a ring of protection from fire (left hand)
Scrolls
 c - 2 scrolls of fear {!r, unknown}
 f - 2 scrolls of magic mapping {!r, unknown}
 g - a scroll of noise {!r, unknown}
 h - 2 scrolls of identify {!r, unknown}
 i - a scroll of remove curse {!r, unknown}
 j - a scroll of enchant weapon {!r, unknown}


   Skills:
 - Level 0.3 Fighting
 - Level 1.8 Dodging
 - Level 1.5 Stealth
 - Level 4.0 Spellcasting
 + Level 2.1 Conjurations
 - Level 0.7 Summonings
   Level 0.7 Translocations


You had 6 spell levels left.
You knew the following spells:

 Your Spells              Type           Power        Failure   Level  Hunger
a - Magic Dart            Conj           ##..         7%          1    N/A
b - Call Imp              Summ           #.......     19%         2    N/A

Dungeon Overview and Level Annotations

Branches:
Dungeon (3/15)

Altars:
Vehumet


Innate Abilities, Weirdness & Mutations

You do not eat or drink.
Your flesh is vulnerable to fire.
You are immune to poison.
Your flesh is cold resistant. (rC+)
You are immune to negative energy. (rN+++)
You are immune to unholy pain and torment.
You can survive without breathing.


Message History

Unknown command.
Casting: Magic Dart (safe; 7% risk of failure)
Confirm with . or Enter, or press ? or * to list all spells.
Aiming: Magic Dart (safe; 7% risk of failure)
Press: ? - help, Shift-Dir - straight line, f - goblin, p - orc
Aim: a goblin (severely wounded)
You miscast Magic Dart.
You are very lightly contaminated with residual magic.
Your skin glows momentarily.
The goblin completely misses your crimson imp.
Your crimson imp blinks!
Unknown command.
You hit the orc but do no damage.
The orc is almost dead.
The orc barely misses you.
You hit the orc.
You kill the orc!
Your crimson imp disappears in a puff of smoke!
The goblin barely misses you.
You hit the goblin but do no damage.
The goblin is severely wounded.
The quokka barely misses you. The goblin hits you.
* * * LOW HITPOINT WARNING * * *
The quokka bites you.
* * * LOW HITPOINT WARNING * * *
Casting: Magic Dart (safe; 7% risk of failure)
Confirm with . or Enter, or press ? or * to list all spells.
A beastly little devil appears in a puff of flame.
The goblin barely misses you. The quokka barely misses you.
You swap places.
The goblin closely misses your crimson imp.
The quokka closely misses your crimson imp.
The goblin hits your crimson imp.
The quokka twitches its whiskers.
The quokka closely misses your crimson imp.
The goblin dies!
The quokka barely misses your crimson imp.
The quokka bites your crimson imp.
The quokka closely misses your crimson imp.
The quokka twitches its whiskers.
The quokka bites your crimson imp but does no damage.
The quokka bites your crimson imp.
The quokka completely misses your crimson imp.
Your crimson imp blinks!
The quokka bites you.
* * * LOW HITPOINT WARNING * * *
The quokka barely misses you.
There is a stone staircase leading up here.
You see here a worm corpse.
The quokka closely misses your crimson imp.
Casting: Call Imp (safe; 19% risk of failure)
Confirm with . or Enter, or press ? or * to list all spells.
Aiming: Magic Dart (safe; 7% risk of failure)
Press: ? - help, Shift-Dir - straight line, f - quokka
Aim: a quokka The magic dart hits the quokka.
The quokka is heavily wounded.
The quokka barely misses your crimson imp.
Your crimson imp blinks!
An orc comes into view.
Unknown command.
A goblin comes into view. It is wielding a dagger.
The quokka bites you.
You die...

########
#......#
#..†<..#
#......#
#...r5.#
#...@..###
###.##...#
#...#.........
#.....##...###
...o### ...#
.....# ..#
.#g...# #...
..#... ..##
##. .#


You could see a quokka, a goblin and a friendly crimson imp.

Vanquished Creatures
  A dart slug (D:1)
  3 orcs
  2 goblins
  A bat (D:2)
  2 frilled lizards
  4 kobolds
  A rat (D:2)
14 creatures vanquished.

Vanquished Creatures (collateral kills)
  An adder (D:3)
  2 worms
  A goblin (D:3)
4 creatures vanquished.

Grand Total: 18 creatures vanquished

Notes
Turn   | Place    | Note
-------+----------+-------------------------------------------
     0 | D:1      | Amnesiac the Mummy Wizard began the quest for the Orb.
     0 | D:1      | Reached XP level 1. HP: 13/13 MP: 5/5
   181 | D:1      | Reached skill level 1 in Conjurations
   290 | D:3      | Reached XP level 2. HP: 20/20 MP: 1/7
   478 | D:1      | Learned a level 2 spell: Call Imp
   667 | D:3      | Found a radiant altar of Vehumet.
   895 | D:3      | Slain by a quokka

Vault maps used:
D:1:      shiori_arrival_elements, minivault_5
D:2:      minmay_roachtagon, marbit_many_paths, uniq_robin
D:3:      nicolae_overflow_hidden_temple, fiery_altar_vehumet, uniq_jessica

Skill      XL: |  1  2 |
---------------+-------+-----
Conjurations   | 1 2 |  2.1
Fighting       | |  0.3
Dodging        | |  1.8
Stealth        | |  1.5
Spellcasting   | |  4.0
Summonings     | |  0.7
Translocations | |  0.7

Action                   || total
-------------------------++-------
Melee: Unarmed           ||    10
       Short sword       ||    13
 Cast: Magic Dart        ||    35
       Call Imp          ||    11
 Stab: Distracted        ||     1
Armor: Robe              ||     3
Dodge: Dodged            ||    42

Table legend:
 A = Spawn XP
 B = Non-spawn XP
 C = Spawn XP percentage of total XP
 D = Spawn monster count
 E = Non-spawn monster count
 F = Spawn count percentage of total count
 G = Total turns spent on level
                    A         B        C        D         E        F      G
               +---------+---------+-------+---------+---------+-------+---------
         Total |       0 |      39 |   0.0 |       0 |      18 |   0.0 |   895
               +---------+---------+-------+---------+---------+-------+---------
           D:1 |       0 |       9 |   0.0 |       0 |       5 |   0.0 |   301
           D:2 |       0 |      10 |   0.0 |       0 |       6 |   0.0 |   363
           D:3 |       0 |      20 |   0.0 |       0 |       7 |   0.0 |   231
               +---------+---------+-------+---------+---------+-------+---------
